Map: Eternal Empire LE

Players

Serral - Winner!

  • Race: Zerg Zerg
  • Spawn Location: 1:00

Reynor

  • Race: Zerg Zerg
  • Spawn Location: 7:00

Event: StayAtHomestory Cup #2

VOD

Have the link to the VOD?

Description

Time

  • Played on: June 12, 2020, 1:30 p.m.
  • Length: 11:13

All games in this series

Show
View Real Time Build Order
Export as new Build Order

Serral Zerg - Winner!

Build Orders: Hatch First 

Get SALT Encoding   

  12  0:00  Drone  
  13  0:12  Overlord  
  13  0:16  Drone  
  14  0:30  Drone x2  
  16  0:47  Hatchery  
  15  0:51  Drone  
  15  0:54  Drone  
  17  0:58  Drone  
  18  1:08  Extractor  
  17  1:13  Spawning Pool  
  17  1:16  Drone  
  17  1:20  Drone  
  18  1:27  Drone  
  19  1:38  Drone  
  20  1:50  Drone  
  21  1:59  Queen x2, Overlord  
  21  2:00  Zergling x2  
  26  2:08  Metabolic Boost  
  26  2:10  Drone  
  26  2:11  Drone  
  28  2:21  Drone x2  
  30  2:33  Hatchery  
  29  2:37  Zergling x2  
  29  2:39  Drone  
  31  2:45  Drone  
  31  2:47  Overlord  
  32  2:54  Drone x2  
  34  2:59  Baneling Nest  
  34  3:04  Drone x2  
  35  3:08  Drone x3  
  35  3:10  Zergling x2  
  39  3:17  Extractor, Lair  
  38  3:22  Zergling x2  
  38  3:24  Overlord  
  38  3:27  Drone  
  40  3:29  Drone  
  40  3:30  Extractor  
  40  3:32  Zergling x2  
  41  3:40  Evolution Chamber  
  41  3:41  Evolution Chamber  
  38  3:42  Evolution Chamber  
  38  3:45  Baneling x2  
  38  3:50  Drone x4  
  38  3:52  Baneling  
  38  3:53  Zergling x4  
  38  3:54  Zergling x4  
  45  3:59  Overlord  
  47  4:08  Drone  
  48  4:14  Extractor  
  48  4:18  Hatchery, Spire  
  48  4:19  Extractor  
  48  4:20  Drone  
  48  4:23  Drone  
  47  4:24  Overseer  
  47  4:28  Drone x2  
  50  4:31  Drone  
  50  4:33  Drone  
  50  4:36  Drone  
  52  4:39  Zerg Melee Weapons Level 1  
  52  4:42  Drone  
  53  4:46  Overlord  
  53  4:49  Drone  
  54  4:53  Drone x2  
  54  4:56  Overlord  
  54  4:59  Zergling x2  
  58  5:00  Zergling x2  
  58  5:09  Drone x4  
  58  5:11  Drone  
  58  5:13  Drone  
  64  5:16  Extractor  
  64  5:18  Drone  
  64  5:20  Extractor  
  64  5:21  Drone  
  64  5:23  Baneling  
  64  5:24  Baneling  
  64  5:25  Overlord  
  64  5:32  Mutalisk x3  
  70  5:36  Mutalisk  
  71  5:42  Zerg Flyer Armor Level 1  
  71  5:48  Mutalisk x2  
  75  5:54  Overlord  
  75  5:57  Mutalisk  
  75  5:59  Mutalisk  
  75  6:02  Drone x2  
  81  6:06  Drone  
  82  6:14  Overlord  
  82  6:15  Drone x3  
  82  6:16  Drone x2  
  87  6:19  Zergling x4  
  89  6:25  Mutalisk  
  89  6:26  Mutalisk  
  89  6:32  Drone x4  
  97  6:35  Queen  
  97  6:39  Overlord  
  99  6:45  Mutalisk x2  
  102  6:51  Mutalisk x2  
  105  7:00  Hatchery  
  96  7:06  Mutalisk x2  
  100  7:11  Mutalisk  
  100  7:12  Mutalisk  
  104  7:17  Mutalisk  
  104  7:18  Mutalisk  
  108  7:26  Overlord  
  105  7:32  Drone  
  105  7:33  Overlord x2  
  105  7:37  Zerg Flyer Weapons Level 1, Overlord  
  105  7:42  Mutalisk  
  105  7:43  Mutalisk  
  103  7:47  Mutalisk x2  
  103  7:50  Zergling x2  
  105  7:51  Zergling x2  
  105  7:55  Drone  
  105  7:56  Drone  
  107  7:58  Drone x2  
  107  8:02  Mutalisk  
  107  8:04  Drone  
  107  8:05  Unknown  
  111  8:09  Zergling x2  
  112  8:14  Mutalisk x3  
  118  8:20  Mutalisk  
  118  8:23  Overlord x2  
  112  8:41  Zergling x20  
  112  8:45  Mutalisk  
  114  8:56  Mutalisk x3  
  119  9:05  Zergling x14  
  126  9:14  Zergling x10  
  122  9:31  Mutalisk  
  115  9:32  Zergling x14  
  119  9:38  Mutalisk x2  
  119  9:39  Mutalisk  
  123  9:48  Baneling  
  123  9:49  Mutalisk x2  
  123  9:50  Zergling x2  
  124  10:02  Mutalisk x3  
  124  10:03  Mutalisk  
  124  10:06  Zergling x4  
  133  10:20  Zergling x10  
  135  10:27  Mutalisk  
  133  10:29  Mutalisk x2  
  130  10:38  Mutalisk  
  130  10:39  Mutalisk x2  
  136  10:47  Overlord x2  
Show
View Real Time Build Order
Export as new Build Order

Reynor Zerg 

Build Orders: Hatch First 

Get SALT Encoding   

  12  0:00  Drone  
  13  0:12  Overlord  
  13  0:16  Drone  
  14  0:30  Drone x2  
  16  0:48  Hatchery  
  15  0:51  Drone  
  15  0:55  Drone  
  17  0:57  Drone  
  18  1:05  Extractor  
  17  1:14  Spawning Pool  
  17  1:17  Drone  
  17  1:20  Drone  
  18  1:27  Drone  
  19  1:38  Drone  
  20  1:49  Drone  
  21  1:59  Overlord  
  21  2:01  Queen x2, Zergling x2  
  21  2:07  Metabolic Boost  
  26  2:10  Drone  
  26  2:13  Drone  
  28  2:21  Zergling x2  
  29  2:23  Drone  
  30  2:31  Overlord  
  30  2:34  Zergling x2  
  30  2:35  Baneling Nest  
  30  2:44  Zergling x4  
  32  2:55  Zergling x4  
  34  3:04  Zergling x2  
  34  3:05  Zergling x2  
  36  3:10  Zergling x6  
  36  3:11  Zergling x4  
  36  3:12  Overlord  
  41  3:18  Drone  
  41  3:19  Drone, Baneling x2  
  43  3:32  Drone  
  44  3:35  Drone  
  44  3:39  Drone, Hatchery  
  44  3:40  Drone  
  46  3:43  Drone  
  47  3:49  Drone x2  
  47  3:52  Drone  
  50  3:57  Lair  
  50  4:01  Overlord  
  50  4:03  Drone  
  50  4:08  Drone  
  51  4:13  Drone  
  51  4:18  Extractor x3  
  51  4:19  Drone x3  
  51  4:20  Drone  
  51  4:21  Drone  
  54  4:24  Drone x2  
  54  4:25  Drone  
  54  4:29  Overlord  
  56  4:35  Drone  
  56  4:36  Drone  
  58  4:42  Queen, Evolution Chamber  
  59  4:47  Drone x2  
  59  4:50  Overlord  
  59  4:51  Drone  
  62  5:02  Drone x2  
  62  5:03  Spire  
  62  5:04  Drone  
  62  5:06  Drone  
  65  5:08  Drone  
  65  5:10  Drone  
  65  5:13  Zerg Melee Weapons Level 1  
  67  5:15  Extractor  
  67  5:18  Drone x2  
  67  5:20  Drone  
  69  5:21  Drone  
  69  5:22  Drone  
  69  5:24  Extractor  
  69  5:25  Drone  
  69  5:27  Drone  
  69  5:28  Drone  
  73  5:30  Drone  
  74  5:38  Overlord  
  74  5:40  Zergling x6  
  70  5:43  Drone x3  
  70  5:45  Drone  
  74  5:50  Overlord  
  74  5:54  Drone x3  
  77  6:01  Overlord  
  77  6:14  Mutalisk x4  
  77  6:15  Mutalisk x3  
  77  6:16  Mutalisk  
  93  6:21  Mutalisk x2  
  96  6:27  Zerg Flyer Armor Level 1  
  96  6:28  Overlord  
  96  6:33  Mutalisk  
  96  6:37  Baneling x2  
  96  6:39  Overlord  
  96  6:50  Hatchery, Mutalisk x2  
  98  6:57  Drone  
  98  6:59  Drone x3  
  98  7:00  Drone x4  
  101  7:02  Mutalisk  
  101  7:05  Overlord  
  101  7:06  Mutalisk  
  105  7:08  Zergling x2  
  105  7:12  Overlord  
  106  7:22  Overlord  
  106  7:25  Mutalisk x3  
  111  7:30  Zergling x4  
  111  7:33  Mutalisk  
  111  7:35  Zergling x4  
  111  7:36  Zergling x4  
  119  7:42  Mutalisk x2  
  117  7:47  Zergling x12  
  111  7:53  Mutalisk  
  111  7:54  Mutalisk  
  111  7:57  Zergling x8  
  119  8:02  Mutalisk  
  119  8:04  Hatchery  
  119  8:08  Mutalisk  
  116  8:14  Zergling x8  
  116  8:19  Mutalisk  
  121  8:21  Zergling x2  
  121  8:24  Zergling x2  
  121  8:25  Zergling x6  
  125  8:29  Zergling x2  
  125  8:33  Mutalisk  
  125  8:34  Zergling x2  
  120  8:39  Mutalisk  
  120  8:40  Queen  
  121  8:43  Mutalisk  
  121  8:44  Zergling x2  
  114  8:49  Mutalisk  
  114  8:53  Mutalisk  
  114  8:55  Zergling x2  
  118  8:59  Queen x2  
  122  9:05  Mutalisk x2  
  122  9:06  Zergling x2  
  126  9:10  Spore Crawler  
  126  9:15  Mutalisk x2  
  127  9:21  Unknown, Mutalisk  
  126  9:25  Queen  
  126  9:28  Mutalisk  
  126  9:30  Zergling x8  
  126  9:31  Zergling x2  
  134  9:34  Overlord  
  134  9:35  Mutalisk  
  131  9:40  Mutalisk  
  131  9:43  Spore Crawler  
  131  9:44  Zergling x6  
  131  9:45  Zergling x2  
  135  9:48  Overlord  
  135  10:03  Mutalisk x4  
  135  10:07  Mutalisk  
  143  10:13  Mutalisk x2  
  143  10:17  Zergling x10  
  144  10:26  Mutalisk  
  144  10:27  Mutalisk x2  
  143  10:30  Zergling x14  
  136  10:37  Mutalisk  
  136  10:38  Mutalisk  
  136  10:42  Zergling x8  
  143  10:45  Mutalisk  
Tags
 
Add a new tag
Caveats
  • Supply blocks, unpowered buildings, or Contaminate may cause inaccurate times.
  • Supply counts are checked every 10 seconds.